 Dungeon Crawl Stone Soup version 0.21-a0-552-g593960d (webtiles) character file.

6419 sithsevirus the Covered (level 10, -3/79 HPs)
             Began as a Gnoll Wanderer on Dec 18, 2017.
             Was a Believer of Nemelex Xobeh.
             Slain by a six-headed hydra (6 damage)
             ... on level 9 of the Dungeon.
             The game lasted 00:44:34 (8841 turns).

sithsevirus the Covered (Gnoll Wanderer)            Turns: 8841, Time: 00:44:35

Health: -3/79      AC: 17    Str: 20    XL:     10   Next: 98%
Magic:  18/18      EV: 10    Int: 13    God:    Nemelex Xobeh [**....]
Gold:   438        SH:  6    Dex: 21    Spells: 20/20 levels left

rFire    . . .     SeeInvis .   a - +8 mace of the Extremes {speed, rN+ Str+3}
rCold    . . .     Gourm    .   h - +0 buckler
rNeg     + . .     Faith    .   H - +0 plate armour
rPois    .         Spirit   .   y - +0 helmet
rElec    .         Reflect  .   P - +0 cloak
rCorr    .         Harm     .   m - +0 pair of gloves
MR       .....                  (no boots)
Stlth    ..........             (no amulet)
HPRegen  0.23/turn              t - ring of stealth
MPRegen  0.16/turn              C - +4 ring of dexterity

@: no status effects
A: distributed training, fangs 1, strong nose
a: Renounce Religion


You were on level 9 of the Dungeon.
You worshipped Nemelex Xobeh.
Nemelex Xobeh was pleased with you.
You were hungry.

You visited 2 branches of the dungeon, and saw 10 of its levels.

You collected 438 gold pieces.

Inventory:

Hand Weapons
 a - the +8 mace of the Extremes (weapon) {speed, rN+ Str+3}
   (You found it on level 7 of the Dungeon)

   Attacks with this weapon are significantly faster.
   It affects your strength (+3).
   It protects you from negative energy.
 b - a +0 hunting sling
 Q - the +8 dagger of Twilight {elec, rF+ rC+ rN+ Dex-4}
   (You found it on level 4 of the Dungeon)

   Occasionally, upon striking a foe, it will discharge some electrical energy
   and cause terrible harm.
   It affects your dexterity (-4).
   It protects you from fire.
   It protects you from cold.
   It protects you from negative energy.
Missiles
 i - 292 stones (quivered)
 B - 51 sling bullets
Armour
 h - a +0 buckler (worn)
 m - a +0 pair of gloves (worn)
 y - a +0 helmet (worn)
 H - a +0 plate armour (worn)
 P - a +0 cloak (worn)
Jewellery
 n - an uncursed ring of flight
 t - a ring of stealth (left hand)
 C - a +4 ring of dexterity (right hand)
Wands
 S - a wand of disintegration (10)
Scrolls
 e - 2 scrolls of remove curse
 g - 3 scrolls of fear {unknown}
 k - 5 scrolls of identify {unknown}
 q - a scroll of amnesia {unknown}
 s - 4 scrolls of teleportation
 u - 2 scrolls of enchant armour {unknown}
 z - a scroll of random uselessness {unknown}
 A - a scroll of noise {unknown}
 R - a scroll of enchant weapon {unknown}
Potions
 c - 2 potions of lignification
 o - a potion of berserk rage {unknown}
 r - a potion of resistance {unknown}
 v - 2 potions of mutation {unknown}
 w - a potion of degeneration {unknown}
 D - a potion of brilliance
 E - a potion of magic {unknown}
 F - a potion of flight
 G - 8 potions of curing
 I - 2 potions of ambrosia {unknown}
 J - 3 potions of haste {unknown}
 K - a potion of might {unknown}
 M - 2 potions of agility {unknown}
 N - a potion of invisibility
Miscellaneous
 j - an ornate deck of summoning {drawn: 1}
Comestibles
 d - 5 chunks of flesh
 f - 6 bread rations
 l - 10 fruits
 p - 3 royal jellies
 x - 3 meat rations


   Skills:
 + Level 7.4 Fighting
 + Level 7.4 Short Blades
 + Level 5.6 Long Blades
 + Level 6.3 Axes
 + Level 5.6 Maces & Flails
 + Level 5.6 Polearms
 + Level 5.6 Staves
 + Level 5.6 Slings
 + Level 5.6 Bows
 + Level 5.6 Crossbows
 + Level 5.6 Throwing
 + Level 7.4 Armour
 + Level 6.3 Dodging
 + Level 6.2 Stealth
 + Level 6.3 Shields
 + Level 5.6 Unarmed Combat
 + Level 5.6 Spellcasting
 + Level 4.7 Conjurations
 + Level 4.7 Hexes
 + Level 4.7 Charms
 + Level 4.7 Summonings
 + Level 4.7 Necromancy
 + Level 4.7 Translocations
 + Level 4.7 Transmutations
 + Level 4.7 Fire Magic
 + Level 4.7 Ice Magic
 + Level 4.7 Air Magic
 + Level 4.7 Earth Magic
 + Level 4.7 Poison Magic
 + Level 6.2 Invocations
 + Level 5.6 Evocations


You had 20 spell levels left.
You didn't know any spells.

Dungeon Overview and Level Annotations

Branches:
Dungeon (9/15)             Temple (1/1) D:5
   Lair: D:8-11         Orc: D:9-12

Altars:
Ashenzari
Cheibriados
Dithmenos
Elyvilon
Fedhas
Gozag
Hepliaklqana
Kikubaaqudgha
Makhleb
Nemelex Xobeh
Okawaru
Qazlal
Ru
Sif Muna
Trog
Uskayaw
Vehumet
Wu Jian
Xom
Yredelemnul
Zin
The Shining One

Shops:
D:4 *   D:7 [

Annotations:
D:5 Salmacis's ghost, amateur CeFi


Innate Abilities, Weirdness & Mutations

Your experience applies equally to all skills.
You have very sharp teeth.
Your uncanny sense of smell can sniff out nearby items.


Message History

The six-headed hydra bites you!
* * * LOW HITPOINT WARNING * * *
The vampire mosquito bites sithsevirus's illusion but does no damage.
Sithsevirus's illusion hits the vampire mosquito!
The vampire mosquito barely misses sithsevirus's illusion.
The vampire mosquito misses sithsevirus's illusion.
Sithsevirus's illusion closely misses the vampire mosquito.
Some of the chunks of flesh in your inventory have rotted away.
The vampire mosquito misses sithsevirus's illusion.
The vampire mosquito bites sithsevirus's illusion.
Sithsevirus's illusion hits the vampire mosquito!
There is a stone staircase leading up here.
The vampire mosquito bites sithsevirus's illusion.
The six-headed hydra bites you.
* * * LOW HITPOINT WARNING * * *
The six-headed hydra barely misses you. The six-headed hydra bites you.
* * * LOW HITPOINT WARNING * * *
The six-headed hydra bites you.
You die...
Your body disappears without a glow.

#.# #........# #.#
#........# #.
#.#####........#####
#.
#......=............
..
#.......######.#####
#. #.......# #.# #.
#.......# #.# #.
#..)....# #.#
#.#####))@D...# #.#
#....).)......# #.#
#.#####.....@.# #.#
#. #.#####y# #.# #.
#.# #O# #.##### ..
#.# #e######.e.>..
#. #.#
#....O...##### #.
#.# #.######.# #.
#.# #.# #.#


You could see a six-headed hydra, a vampire mosquito and the friendly
sithsevirus's illusion.

Vanquished Creatures
  An unseen horror (D:6)
  Joseph (D:7)
  Sigmund (D:6)
  5 hippogriffs
  A wyvern (D:8)
  Duvessa (D:7)
  2 phantoms
  An ice beast (D:6)
  3 sky beasts
  3 orc warriors
  A necrophage (D:9)
  8 ogres
  3 eyes of draining (D:8)
  2 centaurs
  A big kobold (D:8)
  A gnoll sergeant (D:6)
  9 bullfrogs
  Dowan (D:7)
  A water moccasin zombie (D:7)
  2 scorpions
  3 howler monkeys
  6 crimson imps
  A centaur zombie (D:5)
  A centaur skeleton (D:5)
  6 hounds
  3 jellies
  2 bullfrog skeletons (D:9)
  2 orc priests
  Crazy Yiuf (D:7)
  2 orc wizards
  4 iguanas
  Jessica (D:3)
  Terence (D:3)
  4 worker ants
  A hound zombie (D:5)
  A hound skeleton (D:7)
  10 adders
  2 gnolls (D:6)
  A shadow imp (D:6)
  An ooze (D:7)
  3 adder skeletons
  2 adder zombies
  4 dart slugs
  4 leopard geckos
  19 orcs
  2 ball pythons
  6 giant cockroaches
  11 goblins
  10 hobgoblins
  12 jackals
  6 quokkas
  4 bats
  4 frilled lizards
  A jackal skeleton (D:8)
  10 kobolds
  A leopard gecko skeleton (D:4)
  5 rats
205 creatures vanquished.

Notes
Turn   | Place    | Note
-------+----------+-------------------------------------------
     0 | D:1      | sithsevirus the Gnoll Wanderer began the quest for the Orb.
     0 | D:1      | sithsevirus set off with: a +2 short sword, a scroll of teleportation, a potion of lignification, a +0 robe, a bread ration
     0 | D:1      | Reached XP level 1. HP: 20/20 MP: 1/1
   240 | D:1      | Reached XP level 2. HP: 26/26 MP: 2/2
   884 | D:2      | Reached XP level 3. HP: 30/31 MP: 3/3
  1205 | D:2      | Reached skill level 1 in Invocations
  1476 | D:2      | Found a sparkling altar of Nemelex Xobeh.
  1489 | D:2      | Found a basalt altar of Yredelemnul.
  1504 | D:2      | Became a worshipper of Nemelex Xobeh the Trickster
  1703 | D:3      | Reached skill level 1 in Long Blades
  1703 | D:3      | Reached skill level 1 in Maces & Flails
  1703 | D:3      | Reached skill level 1 in Polearms
  1703 | D:3      | Reached skill level 1 in Staves
  1703 | D:3      | Reached skill level 1 in Slings
  1703 | D:3      | Reached skill level 1 in Bows
  1703 | D:3      | Reached skill level 1 in Crossbows
  1703 | D:3      | Reached skill level 1 in Throwing
  1703 | D:3      | Reached skill level 1 in Unarmed Combat
  1703 | D:3      | Reached skill level 1 in Spellcasting
  1703 | D:3      | Reached skill level 1 in Evocations
  1703 | D:3      | Reached XP level 4. HP: 33/38 MP: 5/5
  1885 | D:3      | Noticed Jessica
  1895 | D:3      | Killed Jessica
  1912 | D:3      | Noticed Sigmund
  1921 | D:3      | Noticed Terence
  2246 | D:3      | Reached skill level 1 in Conjurations
  2246 | D:3      | Reached skill level 1 in Hexes
  2246 | D:3      | Reached skill level 1 in Charms
  2246 | D:3      | Reached skill level 1 in Summonings
  2246 | D:3      | Reached skill level 1 in Necromancy
  2246 | D:3      | Reached skill level 1 in Translocations
  2246 | D:3      | Reached skill level 1 in Transmutations
  2246 | D:3      | Reached skill level 1 in Fire Magic
  2246 | D:3      | Reached skill level 1 in Ice Magic
  2246 | D:3      | Reached skill level 1 in Air Magic
  2246 | D:3      | Reached skill level 1 in Earth Magic
  2246 | D:3      | Reached skill level 1 in Poison Magic
  2524 | D:3      | Killed Terence
  2524 | D:3      | Reached XP level 5. HP: 33/43 MP: 5/7
  2953 | D:4      | Received a gift from Nemelex Xobeh
  2967 | D:4      | Noticed an ogre
  2977 | D:4      | Killed an ogre
  2977 | D:4      | Reached XP level 6. HP: 42/50 MP: 8/8
  3002 | D:4      | Found a blossoming altar of Fedhas.
  3020 | D:4      | Reached skill level 5 in Fighting
  3020 | D:4      | Reached skill level 5 in Short Blades
  3020 | D:4      | Reached skill level 5 in Armour
  3091 | D:4      | Found a snail-covered altar of Cheibriados.
  3177 | D:4      | Found Okhlydeg's Assorted Antiques.
  3283 | D:4      | Got a smoking dagger
  3284 | D:4      | Identified the +8 dagger of Twilight {elec, rF+ rC+ rN+ Dex-4} (You found it on level 4 of the Dungeon)
  3463 | D:4      | Reached XP level 7. HP: 26/56 MP: 10/10
  3953 | D:5      | Entered Level 5 of the Dungeon
  4230 | D:5      | Found an opulent altar of Gozag.
  4510 | D:5      | Found a staircase to the Ecumenical Temple.
  4520 | Temple   | Entered the Ecumenical Temple
  4535 | Temple   | Reached * piety under Nemelex Xobeh
  4766 | D:5      | Noticed Salmacis's ghost (amateur CeFi)
  4846 | D:5      | Reached XP level 8. HP: 63/63 MP: 12/12
  5102 | D:6      | Found an iron altar of Okawaru.
  5122 | D:6      | Killed Sigmund
  5513 | D:6      | Received a gift from Nemelex Xobeh
  5734 | D:6      | Reached XP level 9. HP: 69/69 MP: 14/14
  5751 | D:6      | Killed an unseen horror
  5756 | D:6      | Reached skill level 5 in Axes
  5756 | D:6      | Reached skill level 5 in Dodging
  5756 | D:6      | Reached skill level 5 in Shields
  5787 | D:6      | Reached skill level 5 in Stealth
  6324 | D:6      | Got a translucent hand crossbow
  6325 | D:6      | Identified the cursed +3 hand crossbow of Jophe {venom, rN++ Int-2 Dex+5} (You found it on level 6 of the Dungeon)
  6470 | D:7      | Found a shattered altar of Ashenzari.
  6662 | D:7      | Reached skill level 5 in Invocations
  6882 | D:7      | Noticed Duvessa
  6882 | D:7      | Noticed Dowan
  6890 | D:7      | Killed Duvessa
  6893 | D:7      | Killed Dowan
  6980 | D:7      | Reached XP level 10. HP: 77/77 MP: 17/17
  6995 | D:7      | Found Soyrr's Armour Boutique.
  7123 | D:7      | Noticed Joseph
  7142 | D:7      | Killed Joseph
  7158 | D:7      | Received a gift from Nemelex Xobeh
  7317 | D:7      | Found a runed door.
  7321 | D:7      | Noticed Crazy Yiuf
  7325 | D:7      | Killed Crazy Yiuf
  7383 | D:7      | Got an ichor-stained mace
  7384 | D:7      | Identified the +8 mace of the Extremes {speed, rN+ Str+3} (You found it on level 7 of the Dungeon)
  7524 | D:8      | Reached skill level 5 in Long Blades
  7524 | D:8      | Reached skill level 5 in Maces & Flails
  7524 | D:8      | Reached skill level 5 in Polearms
  7524 | D:8      | Reached skill level 5 in Staves
  7524 | D:8      | Reached skill level 5 in Slings
  7524 | D:8      | Reached skill level 5 in Bows
  7524 | D:8      | Reached skill level 5 in Crossbows
  7524 | D:8      | Reached skill level 5 in Throwing
  7524 | D:8      | Reached skill level 5 in Unarmed Combat
  7524 | D:8      | Reached skill level 5 in Spellcasting
  7524 | D:8      | Reached skill level 5 in Evocations
  7561 | D:8      | Reached ** piety under Nemelex Xobeh
  7982 | D:8      | Found a bloodstained altar of Trog.
  8325 | D:8      | Received a gift from Nemelex Xobeh
  8796 | D:9      | Noticed a deep elf mage
  8799 | D:9      | Noticed a six-headed hydra
  8804 | D:9      | Noticed a two-headed ogre
  8841 | D:9      | HP: 3/79 [six-headed hydra (5)]
  8841 | D:9      | Slain by a six-headed hydra

Vault maps used:
D:1:      tarquinn_simple_flora_water_b
D:2:      amethyst_overflow_temple_binary, first_bread
D:3:      uniq_sigmund, uniq_terence, uniq_jessica
D:4:      fedhas_altar_3, kennysheep_little_box, serial_shops, shop,
          hangedman_feature_mirror, grunt_ministairs_14, minmay_ogre_servants
D:5:      nicolae_gozag_cash_rules_everything_around_me,
          minmay_temple_entry_enclosed_plants, serial_corexii_hall,
          corexii_hall_statues_l, corexii_hall_statues_x,
          wad_floor_pattern_untrapped, kennysheep_nondescript
D:6:      kennysheep_windowed_halls, lemuel_doored_altar,
          kennysheep_generic_room_14
D:7:      serial_shops, nicolae_shop_trees, minmay_misc_feat_alley,
          evilmike_ruin_ashenzari, uniq_crazy_yiuf_cottage, uniq_joseph,
          uniq_duvessa
D:8:      trog_eyes_of_draining
D:9:      serial_shops, shop, hangedman_pestilent_swarm, minivault_28
Temple:   regret_index_temple_waves

Skill      XL: |  1  2  3  4  5  6  7  8  9 10 |
---------------+-------------------------------+-----
Invocations    | 1 2 3 4 5 6 |  6.2
Long Blades    | 1 2 3 4 5 |  5.6
Maces & Flails | 1 2 3 4 5 |  5.6
Polearms       | 1 2 3 4 5 |  5.6
Staves         | 1 2 3 4 5 |  5.6
Slings         | 1 2 3 4 5 |  5.6
Bows           | 1 2 3 4 5 |  5.6
Crossbows      | 1 2 3 4 5 |  5.6
Throwing       | 1 2 3 4 5 |  5.6
Unarmed Combat | 1 2 3 4 5 |  5.6
Spellcasting   | 1 2 3 4 5 |  5.6
Evocations     | 1 2 3 4 5 |  5.6
Conjurations   | 1 2 3 4 |  4.7
Hexes          | 1 2 3 4 |  4.7
Charms         | 1 2 3 4 |  4.7
Summonings     | 1 2 3 4 |  4.7
Necromancy     | 1 2 3 4 |  4.7
Translocations | 1 2 3 4 |  4.7
Transmutations | 1 2 3 4 |  4.7
Fire Magic     | 1 2 3 4 |  4.7
Ice Magic      | 1 2 3 4 |  4.7
Air Magic      | 1 2 3 4 |  4.7
Earth Magic    | 1 2 3 4 |  4.7
Poison Magic   | 1 2 3 4 |  4.7
Axes           | 3 4 5 6 |  6.3
Dodging        | 3 4 5 6 |  6.3
Shields        | 3 4 5 6 |  6.3
Stealth        | 3 4 5 6 |  6.2
Fighting       | 5 6 7 |  7.4
Short Blades   | 5 6 7 |  7.4
Armour         | 5 6 7 |  7.4

Action                   |  1- 3 |  4- 6 |  7- 9 | 10-12 || total
-------------------------+-------+-------+-------+-------++-------
Melee: Short sword       |    73 |       |       |       ||    73
       Bite              |    10 |    19 |    27 |    34 ||    90
       Long sword        |    20 |    99 |       |       ||   119
       Dagger            |       |    18 |   240 |    20 ||   278
       Mace              |       |       |       |   173 ||   173
 Fire: Hunting sling     |    35 |       |       |       ||    35
Throw: Stone             |    51 |    45 |   100 |    87 ||   283
Evoke: Wand              |       |       |       |     1 ||     1
       Deck              |       |       |       |     1 ||     1
  Use: Potion            |       |     4 |     1 |       ||     5
       Scroll            |       |       |     1 |     2 ||     3
 Stab: Distracted        |       |     1 |       |       ||     1
  Eat: Chunk             |     2 |     2 |     6 |     5 ||    15
       Bread ration      |       |     1 |       |       ||     1
       Meat ration       |       |       |     1 |       ||     1
Armor: Robe              |     2 |       |       |       ||     2
       Leather armour    |    12 |       |       |       ||    12
       Chain mail        |     8 |    56 |    21 |       ||    85
       Plate armour      |       |       |    86 |    88 ||   174
       Skin              |       |       |    13 |       ||    13
Dodge: Dodged            |    55 |    26 |    57 |    62 ||   200
Block: Buckler           |    19 |    33 |    51 |    54 ||   157
       Rpst.: Long sword |     2 |     9 |       |       ||    11

Table legend:
 A = Spawn XP
 B = Non-spawn XP
 C = Spawn XP percentage of total XP
 D = Spawn monster count
 E = Non-spawn monster count
 F = Spawn count percentage of total count
 G = Total turns spent on level
                    A         B        C        D         E        F      G
               +---------+---------+-------+---------+---------+-------+---------
         Total |       0 |    9170 |   0.0 |       0 |     205 |   0.0 |  8841
               +---------+---------+-------+---------+---------+-------+---------
           D:1 |       0 |      23 |   0.0 |       0 |      11 |   0.0 |   738
           D:2 |       0 |      44 |   0.0 |       0 |      26 |   0.0 |  1125
           D:3 |       0 |     120 |   0.0 |       0 |      16 |   0.0 |   912
           D:4 |       0 |     503 |   0.0 |       0 |      22 |   0.0 |  1178
           D:5 |       0 |     623 |   0.0 |       0 |      18 |   0.0 |   927
           D:6 |       0 |    2514 |   0.0 |       0 |      37 |   0.0 |  1386
           D:7 |       0 |    1503 |   0.0 |       0 |      27 |   0.0 |  1097
           D:8 |       0 |    2604 |   0.0 |       0 |      32 |   0.0 |  1044
           D:9 |       0 |    1236 |   0.0 |       0 |      16 |   0.0 |   294
               +---------+---------+-------+---------+---------+-------+---------
